 Dungeon Crawl Stone Soup version 0.18-a0-674-g00855b9 (webtiles) character file.

4 Raultor the Chopper (level 1, 0/18 HPs)
             Began as a Hill Orc Gladiator on Dec 6, 2015.
             Slain by a kobold
             ... wielding a +0 dagger
              (1 damage)
             ... on level 1 of the Dungeon.
             The game lasted 00:00:19 (26 turns).

Raultor the Chopper (Hill Orc Gladiator)              Turns: 26, Time: 00:00:19

Health: 0/18       AC:  4    Str: 17    XL:     1   Next: 70%
Magic:  1/1        EV: 12    Int:  8    God:
Gold:   0          SH:  0    Dex: 11    Spells: 0 memorised, 0 levels left

rFire  . . .     SeeInvis .     a - +0 war axe
rCold  . . .     Clarity  .     b - +0 leather armour
rNeg   . . .     SustAt   .     (no shield)
rPois  .         Gourm    .     c - +0 helmet
rElec  .         Spirit   .     (no cloak)
rCorr  .         Dismiss  .     (no gloves)
rMut   .         Stasis   .     (no boots)
MR     .....                    (no amulet)
Stlth  +.........               (no ring)
                                (no ring)

@: not resistant to hostile enchantments, very unstealthy
A: no striking features
a: no special abilities


You were on level 1 of the Dungeon.
You were not hungry.

You visited 1 branch of the dungeon, and saw 1 of its levels.

Inventory:

Hand Weapons
 a - a +0 war axe (weapon)
Missiles
 d - 3 throwing nets {=f, !d}
Armour
 b - a +0 leather armour (worn)
 c - a +0 helmet (worn)
Comestibles
 e - a bread ration {@e1}


   Skills:
 + Level 2.5 Fighting
 * Level 4.2 Axes
 - Level 1.7 Throwing
 + Level 0.4 Armour
 + Level 2.4 Dodging


You couldn't memorise any spells.
You didn't know any spells.

Dungeon Overview and Level Annotations

Branches:
Dungeon (1/15)

Altars:


Message History

Welcome, Raultor the Hill Orc Gladiator.
Will you be the one to retrieve the fabulous Orb of Zot from the depths?
Found a staircase leading out of the dungeon.
You open the door.
A jackal comes into view.
There is an open door here.
The jackal barks!
A jackal and a kobold come into view.
You see here 12 gold pieces.
The kobold shouts!
You closely miss the jackal. The jackal bites you.
You take 2 damage, and have 16/18 hp.
The jackal barks!
You hit the jackal. The jackal closely misses you. The jackal misses you.
A jackal comes into view.
The jackal barks!
You hit the jackal.
The jackal moves out of view.
The jackal misses you. The jackal misses you.
The jackal bites you but does no damage.
You closely miss the jackal. You closely miss the kobold. You hit the jackal.
The jackal completely misses you. The jackal barely misses you.
The jackal bites you but does no damage.
The kobold completely misses you.
A bat comes into view.
You closely miss the jackal. You hit the jackal.
You kill the jackal!
You hit the kobold but do no damage.
The jackal bites you but does no damage.
The jackal closely misses you. The kobold hits you but does no damage.
The jackal barely misses you.
You barely miss the jackal. You hit the jackal. You hit the kobold.
The jackal bites you but does no damage.
The jackal closely misses you. The kobold barely misses you.
The jackal barely misses you. The jackal misses you.
A goblin comes into view.
You barely miss the jackal. You barely miss the kobold.
You closely miss the jackal. The jackal closely misses you.
The kobold hits you but does no damage. The jackal closely misses you.
The jackal barely misses you. The kobold hits you but does no damage.
The goblin shouts!
You slash the jackal!
You kill the jackal!
You closely miss the kobold. You hit the jackal. The bat barely misses you.
The jackal bites you. The jackal misses you.
The kobold hits you but does no damage.
You take 2 damage, and have 15/18 hp.
You barely miss the jackal. You hit the kobold. The jackal misses you.
The bat hits you but does no damage. The kobold hits you but does no damage.
The jackal closely misses you.
You slash the jackal!
You kill the jackal!
You closely miss the kobold. The bat misses you. The kobold barely misses you.
The kobold closely misses you.
You barely miss the kobold. The bat hits you but does no damage.
The kobold barely misses you. The bat barely misses you.
You closely miss the kobold. You closely miss the goblin.
You barely miss the bat. The bat hits you but does no damage.
The bat hits you but does no damage. The goblin misses you.
The kobold hits you with a dagger. The bat barely misses you.
The goblin hits you.
You take 4 damage, and have 11/18 hp.
MASSIVE DAMAGE!!
You barely miss the kobold. You closely miss the goblin. You hit the bat.
You kill the bat!
The kobold hits you but does no damage. The goblin hits you.
The kobold hits you but does no damage.
You take 3 damage, and have 8/18 hp.
You are too injured to fight recklessly!
You are too injured to fight recklessly!
Unknown command.
You are too injured to fight recklessly!
You are too injured to fight recklessly!
You closely miss the goblin. You closely miss the kobold. The goblin hits you.
* * * LOW HITPOINT WARNING * * *
The kobold hits you but does no damage.
You take 4 damage, and have 4/18 hp.
MASSIVE DAMAGE!!
You barely miss the goblin. You hit the kobold but do no damage.
The goblin closely misses you. The kobold hits you but does no damage.
The goblin hits you but does no damage.
You see here 12 gold pieces.
You closely miss the kobold. The kobold hits you with a dagger.
* * * LOW HITPOINT WARNING * * *
You take 3 damage, and have 1/18 hp.
You barely miss the kobold. The kobold hits you with a dagger.
You die...

#§§§§≈#.#≈§§§§#
#§§§§§#<#§§≈§§#
#§≈§§§#.#§§§§§#
#≈§≈≈§#.#≈§§§§#
#≈≈#§§#.#§§#§§#
#≈≈≈≈≈#.#≈≈§§§#
##≈≈≈≈#'#≈§§§##
######.######
#@.# #K#......
......†g).#####
........###
.....#..#
..(....##
....... ..# ...
.. ....


You could see a goblin and a kobold.

Vanquished Creatures
  3 jackals (D:1)
  A bat (D:1)
4 creatures vanquished.

Notes
Turn   | Place    | Note
--------------------------------------------------------------
     0 | D:1      | Raultor the Hill Orc Gladiator began the quest for the Orb.
     0 | D:1      | Reached XP level 1. HP: 18/18 MP: 1/1
    22 | D:1      | HP: 4/18 [goblin (4)]
    25 | D:1      | HP: 1/18 [kobold/dagger (3)]
    26 | D:1      | Slain by a kobold

Vault maps used:
D:1:      saegor_arrival_miasma, glass_columns_c

Action                   || total
-------------------------++-------
Melee: War axe           ||    17

Vault maps used:
D:1:      saegor_arrival_miasma, glass_columns_c

Table legend:
 A = Turns spent in this place as a percentage of turns spent in the entire game.
 B = Non-inter-level travel turns spent in this place as a percentage of non-inter-level travel turns spent in the entire game.
 C = Inter-level travel turns spent in this place as a percentage of turns spent in this place.
 D = Turns resting spent in this place as a percentage of non-inter-level travel turns spent in this place.
 E = Turns spent auto-exploring this place as a percentage of non-inter-level travel turns spent in this place.
 F = Non-inter-level travel turns spent in this place divided by the number of levels of this place that you've seen.
                   A       B       C       D       E      F
               +-------+-------+-------+-------+-------+----------------------
         Total | 100.0 | 100.0 |   0.0 |   0.0 |   3.7 |  27.0
       Dungeon | 100.0 | 100.0 |   0.0 |   0.0 |   3.7 |  27.0
               +-------+-------+-------+-------+-------+----------------------

Table legend:
 A = Kills in this place as a percentage of kills in entire the game.
 B = Kills by you in this place as a percentage of kills by you in the entire game.
 C = Kills by friends in this place as a percentage of kills by friends in the entire game.
 D = Other kills in this place as a percentage of other kills in the entire game.
 E = Experience gained in this place as a percentage of experience gained in the entire game.
 F = Experience gained in this place divided by the number of levels of this place that you have seen.
                   A       B       C       D       E      F
               +-------+-------+-------+-------+-------+----------------------
         Total | 100.0 | 100.0 |  -nan |  -nan | 100.0 |   7.0
       Dungeon | 100.0 | 100.0 |  -nan |  -nan | 100.0 |   7.0
               +-------+-------+-------+-------+-------+----------------------
